Map: Ice and Chrome LE

Players

Songbird

  • Race: Protoss Protoss
  • League: Gold
  • Spawn Location: 7:00

DLCFocesTTV - Winner!

  • Race: Zerg Zerg
  • League: Gold
  • Spawn Location: 1:00

VOD

Have the link to the VOD?

Description

Time

  • Played on: July 26, 2020, 2:46 p.m.
  • Length: 12:36
Show
View Real Time Build Order
Export as new Build Order

Songbird Protoss 

Build Orders: 1 Gate Expand, Chargelot Immortal 

Get SALT Encoding   

  12  0:01  Probe  
  13  0:13  Probe  
  14  0:19  Pylon  
  14  0:25  Probe  
  15  0:37  Probe  
  15  0:40  Gateway  
  16  0:46  Probe  
  17  0:50  Assimilator  
  17  0:54  Probe  
  17  1:04  Probe  
  19  1:16  Probe  
  20  1:28  Nexus  
  20  1:30  Probe  
  21  1:37  Assimilator  
  21  1:42  Pylon  
  21  1:53  Cybernetics Core  
  21  2:00  Probe  
  22  2:12  Probe  
  23  2:21  Warp Gate  
  23  2:25  Probe  
  24  2:32  Stalker  
  24  2:36  Probe  
  27  2:39  Probe  
  27  2:41  Robotics Facility  
  27  2:42  Gateway  
  27  2:44  Probe  
  28  2:47  Probe  
  29  2:57  Probe  
  29  2:58  Shield Battery  
  30  2:59  Probe  
  30  3:03  Stalker  
  34  3:17  Probe x2  
  36  3:24  Pylon  
  36  3:26  Stalker  
  36  3:30  Probe  
  36  3:33  Observer  
  40  3:37  Probe  
  41  3:42  Probe  
  41  3:43  Twilight Council  
  42  3:48  Pylon  
  42  3:49  Probe  
  42  3:54  Observer, Probe  
  45  4:03  Probe  
  45  4:06  Probe  
  47  4:11  Assimilator  
  47  4:13  Assimilator  
  47  4:15  Probe  
  47  4:16  Immortal  
  52  4:18  Probe  
  53  4:27  Probe  
  53  4:30  Probe  
  51  4:33  Charge  
  51  4:39  Gateway  
  51  4:44  Gateway  
  51  4:46  Gateway  
  51  4:47  Gateway  
  51  4:50  Stalker x2  
  51  4:51  Probe x2  
  57  4:58  Immortal  
  61  5:03  Probe  
  61  5:06  Pylon  
  62  5:17  Pylon  
  62  5:24  Probe x2  
  64  5:32  Nexus  
  64  5:34  Pylon  
  64  5:36  Probe x2  
  64  5:42  Immortal  
  70  5:47  Stalker x2  
  70  5:48  Stalker  
  76  5:58  Zealot x2  
  66  6:15  Zealot x2  
  66  6:16  Zealot  
  64  6:27  Probe x2  
  64  6:31  Zealot  
  64  6:32  Zealot  
  65  6:39  Probe x2  
  66  6:47  Probe  
  67  6:51  Probe x2  
  69  6:57  Assimilator  
  69  6:59  Probe  
  70  7:01  Robotics Bay  
  70  7:03  Probe  
  70  7:06  Zealot x3  
  70  7:07  Zealot x2  
  70  7:08  Probe  
  82  7:11  Probe  
  83  7:21  Immortal  
  71  7:47  Probe x3  
  74  7:51  Extended Thermal Lance, Colossus  
  74  7:59  Probe x3  
  83  8:17  Zealot x4  
  83  8:18  Zealot  
  93  8:35  Probe  
  93  8:36  Probe x2  
  93  8:39  Zealot x2  
  93  8:40  Observer  
  101  8:48  Pylon  
  101  8:51  Pylon  
  101  8:52  Assimilator  
  101  8:59  Assimilator  
  101  9:02  Shield Battery, Observer  
  101  9:04  Shield Battery  
  101  9:06  Probe x2  
  101  9:09  Pylon  
  104  9:12  Forge  
  104  9:16  Forge  
  104  9:47  Protoss Ground Weapons Level 1  
  104  9:48  Protoss Ground Armor Level 1  
  104  9:55  Templar Archives  
  104  9:56  Stalker x2  
  104  9:57  Stalker x3  
  104  9:59  Photon Cannon  
  114  10:11  Probe x3  
  114  10:12  Pylon  
  117  10:18  Colossus  
  123  10:23  Probe  
  124  10:30  Pylon  
  124  10:33  Probe x2  
  124  10:34  Pylon  
  124  10:35  Probe  
  127  10:47  High Templar x3  
  127  10:48  High Templar  
  135  10:51  Archon  
  135  10:52  Archon  
  132  11:02  Stalker  
  101  11:21  High Templar x4  
  101  11:25  Archon x2  
  75  11:45  Stalker  
  77  11:53  Zealot  
  77  11:54  Zealot x3  
Show
View Real Time Build Order
Export as new Build Order

DLCFocesTTV Zerg - Winner!

Build Orders: Hatch First 

Get SALT Encoding   

  12  0:02  Drone  
  13  0:13  Overlord  
  13  0:21  Drone  
  14  0:44  Hatchery  
  14  0:45  Drone  
  14  0:49  Drone  
  15  0:52  Drone  
  16  1:10  Spawning Pool  
  15  1:12  Drone  
  15  1:15  Drone  
  17  1:19  Extractor  
  16  1:41  Drone  
  16  1:43  Drone x2  
  19  1:56  Queen x2  
  19  1:58  Overlord  
  23  2:06  Zergling x4  
  25  2:10  Drone  
  26  2:16  Drone  
  26  2:18  Drone  
  28  2:29  Drone  
  29  2:33  Metabolic Boost  
  29  2:38  Extractor  
  29  2:39  Drone  
  29  2:43  Drone  
  30  2:45  Drone  
  31  2:53  Drone  
  32  3:07  Drone x2  
  32  3:10  Queen  
  36  3:16  Overlord  
  36  3:17  Overlord x3  
  36  3:37  Drone x3  
  36  3:38  Drone  
  40  3:41  Hatchery  
  40  3:45  Lair  
  39  3:53  Drone x3  
  42  3:56  Zergling x2  
  42  4:02  Zergling x6  
  46  4:12  Spore Crawler  
  46  4:15  Spore Crawler  
  46  4:16  Drone x4  
  47  4:30  Zergling x2  
  47  4:31  Zergling x8  
  52  4:40  Drone  
  53  4:46  Nydus Network  
  53  4:50  Roach Warren  
  53  4:51  Drone  
  53  4:52  Drone  
  53  4:53  Zergling x2  
  53  4:54  Zergling x10  
  59  5:01  Overlord  
  59  5:06  Drone  
  60  5:07  Drone x2  
  62  5:34  Nydus Canal  
  62  5:38  Roach x9  
  80  5:50  Drone  
  80  6:00  Roach  
  80  6:03  Overlord x2  
  80  6:04  Overlord x5  
  72  6:21  Zergling x18  
  60  6:42  Roach  
  60  6:43  Roach x7  
  76  6:51  Spire  
  75  6:54  Drone x2  
  75  6:55  Drone, Extractor  
  75  6:56  Drone, Extractor  
  75  6:57  Drone x3  
  75  7:01  Queen  
  82  7:29  Roach  
  81  7:30  Roach x9  
  81  7:37  Roach  
  93  7:44  Zergling x6  
  93  7:45  Zergling x8  
  100  8:05  Nydus Canal  
  100  8:20  Mutalisk x4  
  100  8:23  Drone  
  100  8:24  Drone x2  
  100  8:25  Drone  
  100  8:26  Drone x2  
  114  8:27  Zergling x2  
  114  8:28  Zergling x12  
  114  8:32  Ravager  
  122  8:52  Mutalisk  
  122  8:54  Zergling x14  
  131  8:59  Drone  
  131  9:00  Drone  
  133  9:26  Mutalisk x2  
  137  9:36  Nydus Canal  
  137  9:45  Glial Reconstitution  
  137  9:51  Zerg Flyer Weapons Level 1  
  137  9:52  Evolution Chamber  
  136  9:53  Evolution Chamber  
  135  10:05  Mutalisk  
  137  10:07  Zergling x2  
  137  10:09  Overlord  
  137  10:10  Overlord x11  
  138  10:30  Zerg Missile Weapons Level 1  
  138  10:31  Zerg Ground Armor Level 1  
  138  10:38  Zergling x2  
  138  10:39  Zergling x32  
  155  10:46  Hatchery  
  127  11:05  Mutalisk  
  127  11:06  Mutalisk x6  
  113  11:21  Roach  
  113  11:22  Roach x6  
  104  11:37  Roach x7  
  104  12:02  Roach  
  104  12:03  Roach x10  
Tags
 
Add a new tag
Caveats
  • Supply blocks, unpowered buildings, or Contaminate may cause inaccurate times.
  • Supply counts are checked every 10 seconds.